 Dungeon Crawl Stone Soup version 0.25-a0-719-gde951dce62 (webtiles) character file.

Game seed: 14016882719618333349, levelgen mode: deterministic

492 Chiseanne the Magician (level 6, -6/41 HPs)
             Began as a Demonspawn Wizard on Apr 6, 2020.
             Mangled by Grinder (7 damage)
             ... while paralysed by Grinder
             ... on level 3 of the Dungeon.
             The game lasted 00:11:41 (5159 turns).

Chiseanne the Magician (Demonspawn Wizard)          Turns: 5159, Time: 00:11:41

Health: -6/41      AC:  3    Str:  7    XL:     6   Next: 91%
Magic:  0/13       EV:  2    Int: 22    God:
Gold:   263        SH:  0    Dex: 11    Spells: 6/15 levels left

rFire    . . .     SeeInvis .   g - +2 dagger (distort)
rCold    + . .     Gourm    .   (no shield)
rNeg     . . .     Faith    .   a - +0 robe
rPois    +         Spirit   +   o - +0 helmet
rElec    .         Reflect  .   (no cloak)
rCorr    .         Harm     .   (no gloves)
MR       .....                  (no boots)
Stlth    ++........             (no amulet)
HPRegen  0.13/turn              p - ring of poison resistance
MPRegen  0.13/turn              (no ring)

@: paralysed
A: claws 1, cold resistance 1, magic shield, freezing cloud immunity
a: no special abilities


You were on level 3 of the Dungeon.
You were not hungry.

You visited 1 branch of the dungeon, and saw 4 of its levels.

You collected 263 gold pieces.

Inventory:

Hand Weapons
 g - a +2 dagger of distortion (weapon)
Missiles
 c - 89 stones
 e - 25 poisoned darts (quivered)
 f - 68 sling bullets
 l - 7 boomerangs
 q - 33 arrows
Armour
 a - a +0 robe (worn)
 o - a +0 helmet (worn)
Jewellery
 p - a ring of poison resistance (left claw)
Wands
 m - a wand of random effects (3)
Scrolls
 k - 3 scrolls of fog
Potions
 b - a potion of curing
 i - a potion of mutation
 j - a potion of stabbing
 n - a potion of cancellation
Comestibles
 d - 10 rations


   Skills:
 - Level 1.7 Dodging
 - Level 1.7 Stealth
 * Level 5.0 Spellcasting
 * Level 4.4 Conjurations
   Level 1.0 Summonings
 - Level 0.8 Translocations
 * Level 3.0 Fire Magic


You had 6 spell levels left.
You knew the following spells:

 Your Spells              Type           Power        Failure   Level  Hunger
a - Magic Dart            Conj           ####         1%          1    None
b - Blink                 Tloc           N/A          11%         2    None
c - Conjure Flame         Conj/Fire      ###.....     6%          3    ##.....
d - Mephitic Cloud        Conj/Pois/Air  ##......     16%         3    ##.....

Your spell library contained the following spells:

 Spells                   Type           Power        Failure   Level  Hunger
 Call Imp                 Summ           ##......     10%         2    None
 Slow                     Hex            #.......     16%         2    None


Dungeon Overview and Level Annotations

Branches:
Dungeon (4/15)
 Temple: D:4-7

Altars:
Cheibriados
Hepliaklqana
Uskayaw

Annotations:
D:3 Grinder


Innate Abilities, Weirdness & Mutations

You have sharp fingernails.
Your flesh is cold resistant. (rC+)
When hurt, damage is shared between your health and your magic reserves.
You are immune to freezing clouds.


Message History

Evoke which item? (* to show all) (? for menu, Esc to quit)
Aiming: Random Effects
Press: ? - help, Shift-Dir - straight line, f/p - Grinder
Aim: Grinder (heavily wounded, fast)
The puff of flame misses Grinder.
Evoke which item? (* to show all) (? for menu, Esc to quit)
Aiming: Random Effects
Press: ? - help, Shift-Dir - straight line, f/p - Grinder
Aim: Grinder (heavily wounded, fast) Nothing appears to happen.
Grinder gestures at you.
You suddenly lose the ability to move!
Grinder hits you.
You writhe in agony.
Grinder hits you.
You writhe in agony.
Grinder hits you!
You writhe in agony.
Grinder hits you!
You writhe in agony.
* * * LOW HITPOINT WARNING * * *
Grinder hits you!
* * * LOW HITPOINT WARNING * * *
Grinder hits you!
You die...

....# #......#### #..... ....##..
##.##.## ##..## ....#... #......#
###...# ........ ###..###
#....### ........#. #......#
#..##... .....#... ###.##.##
##..##... ....##..# .#.#..#.#
##..###...
...###..##.#..#...######...###...
...............5@................
...#...####.#.##.....###..####>..
#........##.#.###.#.........##...
..#......##....##.#.[.......##...
.....##.s......##.#.........####.
.#######.##.#...#...........###..
# ##.##....................)#
...........................#
####.#.....................#


You could see Grinder.

Vanquished Creatures
  Menkaure (D:4)
  Duvessa (D:4)
  Dowan (D:4)
  A hound (D:4)
  7 gnolls
  2 adders
  2 oozes
  An adder skeleton (D:4)
  2 worms (D:4)
  A dart slug (D:1)
  2 leopard geckos
  An orc (D:4)
  11 bats
  5 giant cockroaches
  7 goblins
  8 hobgoblins
  2 jackals (D:3)
  2 quokkas
  A ball python (D:4)
  6 frilled lizards
  6 kobolds
  10 rats
80 creatures vanquished.

Vanquished Creatures (others)
  An adder (D:4)
  A worm (D:2)
2 creatures vanquished.

Grand Total: 82 creatures vanquished

Notes
Turn   | Place    | Note
-------+----------+-------------------------------------------
     0 | D:1      | Chiseanne the Demonspawn Wizard began the quest for the
                  | Orb.
     0 | D:1      | Reached XP level 1. HP: 13/13 MP: 4/4
   409 | D:1      | Gained mutation: You have sharp fingernails. [demonic
                  | ancestry]
   409 | D:1      | Reached XP level 2. HP: 18/19 MP: 4/6
   969 | D:1      | Gained mutation: Your flesh is cold resistant. (rC+)
                  | [demonic ancestry]
   969 | D:1      | Reached XP level 3. HP: 24/24 MP: 4/8
  1478 | D:2      | Found a hazy altar of Hepliaklqana.
  2122 | D:2      | Learned a level 2 spell: Blink
  2126 | D:2      | Learned a level 3 spell: Conjure Flame
  2130 | D:2      | Learned a level 3 spell: Mephitic Cloud
  2316 | D:2      | Gained mutation: You are immune to freezing clouds.
                  | [demonic ancestry]
  2316 | D:2      | Reached XP level 4. HP: 30/30 MP: 0/9
  2324 | D:2      | Reached skill level 4 in Spellcasting
  2611 | D:3      | Reached skill level 1 in Fire Magic
  2760 | D:3      | Found a hide-covered altar of Uskayaw.
  2761 | D:3      | Noticed Grinder
  2766 | D:3      | Paralysed by Grinder for 4 turns
  2783 | D:3      | Paralysed by Grinder for 7 turns
  3021 | D:4      | Found a snail-covered altar of Cheibriados.
  3194 | D:4      | Noticed a phantom
  3202 | D:4      | Reached XP level 5. HP: 32/35 MP: 11/11
  3384 | D:4      | Noticed Menkaure
  3388 | D:4      | Killed Menkaure
  3388 | D:4      | Gained mutation: When hurt, damage is shared between your
                  | health and your magic reserves. [demonic ancestry]
  3388 | D:4      | Reached XP level 6. HP: 41/41 MP: 12/12
  4088 | D:4      | Noticed Duvessa
  4096 | D:4      | Noticed Dowan
  4102 | D:4      | Killed Duvessa
  4105 | D:4      | Killed Dowan
  4105 | D:4      | Reached skill level 5 in Spellcasting
  4327 | D:3      | Paralysed by Grinder for 3 turns
  4654 | D:3      | Paralysed by something for 3 turns
  5155 | D:3      | Paralysed by Grinder for 5 turns
  5159 | D:3      | HP: 1/41 [Grinder (7)]
  5159 | D:3      | Mangled by Grinder

Levels and vault maps discovered:
D:1:      minmay_arrival_nine_rooms, layout_basic
D:2:      layout_basic, nicolae_overflow_crystal_walls, first_ration
D:3:      layout_rooms, eat_drink_and_be_merry_uskayaw, minivault_19,
          minmay_misc_feat_rows, minmay_misc_feat_alley, uniq_grinder
D:4:      layout_cave_pods, lemuel_doored_altar, uniq_menkaure, uniq_duvessa

Skill      XL: |  1  2  3  4  5  6 |
---------------+-------------------+-----
Conjurations   | 2 3 4 |  4.4
Spellcasting   | 4 5 |  5.0
Fire Magic     | 1 2 3 |  3.0
Dodging        | |  1.7
Stealth        | |  1.7
Summonings     | |  1.0
Translocations | |  0.8

Action                   |  1- 3 |  4- 6 || total
-------------------------+-------+-------++-------
Melee: Club              |    21 |       ||    21
       Dagger            |    18 |    39 ||    57
Throw: Dart              |       |     2 ||     2
 Cast: Magic Dart        |    98 |    81 ||   179
       Conjure Flame     |     1 |     2 ||     3
       Mephitic Cloud    |     1 |     3 ||     4
Evoke: Wand              |       |    35 ||    35
  Use: Scroll            |       |     8 ||     8
       Potion            |       |     2 ||     2
 Stab: Sleeping          |     1 |       ||     1
       Confused          |       |     1 ||     1
  Eat: Chunk             |     4 |     9 ||    13
Armor: Robe              |    20 |     2 ||    22
Dodge: Dodged            |    57 |    20 ||    77

Table legend:
 A = Non-vault XP
 B = Vault XP
 C = Vault XP percentage of total XP
 D = Non-vault monster count
 E = Vault monster count
 F = Vault count percentage of total count
                 A         B        C        D         E       F
            +---------+---------+-------+---------+---------+-------
      Total |     311 |     393 |  55.8 |      79 |       3 |   3.7
            +---------+---------+-------+---------+---------+-------
        D:1 |      50 |       0 |   0.0 |      28 |       0 |   0.0
        D:2 |      96 |       0 |   0.0 |      20 |       0 |   0.0
        D:3 |      68 |       0 |   0.0 |      19 |       0 |   0.0
        D:4 |      97 |     393 |  80.2 |      12 |       3 |  20.0
            +---------+---------+-------+---------+---------+-------
